 Dungeon Crawl Stone Soup version 0.29-a0-375-g5102b3be25 (webtiles) character file.

Game seed: 6170379265896488960

37 YayAnonymity the Chopper (level 3, 0/31 HPs)
             Began as a Hill Orc Monk on May 4, 2022.
             Slain by Jessica
             ... wielding a +2 dagger of protection
              (7 damage)
             ... on level 2 of the Dungeon.
             The game lasted 00:02:03 (1473 turns).

YayAnonymity the Chopper (Hill Orc Monk)            Turns: 1473, Time: 00:02:03

Health: 0/31       AC:  5    Str: 15    XL:     3   Next: 39%
Magic:  3/3        EV: 11    Int: 10    God:
Gold:   32         SH:  0    Dex: 13    Spells: 2/2 levels left

rFire   . . .      SeeInvis .   a - +0 hand axe
rCold   . . .      Faith    .   (no shield)
rNeg    . . .      Spirit   .   g - +0 ring mail
rPois   .          Reflect  .   (no helmet)
rElec   .          Harm     .   (no cloak)
rCorr   .          Rampage  .   (no gloves)
Will    .....                   (no boots)
Stlth   +.........              (no amulet)
HPRegen 0.10/turn               (no ring)
MPRegen 0.08/turn               (no ring)

@: no status effects
A: no striking features
a: no special abilities


You were on level 2 of the Dungeon.
You visited 1 branch of the dungeon, and saw 2 of its levels.

You collected 32 gold pieces.

Inventory:

Hand Weapons
 a - a +0 hand axe (weapon)
Missiles
 e - 5 poisoned darts (quivered)
 j - 2 javelins
Armour
 g - a +0 ring mail (worn)
Scrolls
 b - 2 scrolls of blinking {unknown}
 f - a scroll of fear {unknown}
 h - 2 scrolls of enchant weapon {unknown}
 i - a scroll of torment {unknown}
 k - 2 scrolls of identify {unknown}
Potions
 c - a potion of ambrosia
 d - 2 potions of might {unknown}


   Skills:
 - Level 3.6 Fighting
 + Level 5.8 Axes
 - Level 2.4 Dodging
 - Level 1.5 Stealth


You had 2 spell levels left.
You didn't know any spells.
Your spell library contained the following spells:

 Spells                   Type           Power      Damage    Failure   Level
 Freeze                   Ice            0%         1d3       58%         1
 Blink                    Tloc           0%         N/A       75%         2
 Frozen Ramparts          Ice            0%         1d2       92%         3
 Hailstorm                Conj/Ice       0%         3d3       100%        4
 Manifold Assault         Tloc           0%         N/A       100%        5
 Storm Form               Tmut/Air       0%         N/A       100%        7


Dungeon Overview and Level Annotations

Branches:
Dungeon (2/15)

Altars:

Shops:
D:1 :

Annotations:
D:2 Jessica


Message History

The dart slug is severely wounded.
The dart slug misses you.
You hit the dart slug but do no damage.
The dart slug is severely wounded.
The dart slug bites you but does no damage.
You hit the dart slug but do no damage.
The dart slug is severely wounded.
You hit the frilled lizard.
You kill the frilled lizard!
Jessica shouts, "I don't like beings like you!"
You hit Jessica.
Jessica is almost dead.
You hit the dart slug.
You kill the dart slug!
Jessica hits you with a +2 dagger of protection.
You hit Jessica but do no damage.
Jessica is severely wounded.
Jessica barely misses you.
You barely miss Jessica.
Jessica is severely wounded.
Jessica points at you and mumbles some strange words.
Pain shoots through your body!
You are too injured to fight recklessly!
You are too injured to fight recklessly!
You are too injured to fight recklessly!
You hit Jessica.
Jessica is almost dead.
Jessica gestures wildly while chanting.
Jessica blinks!
You hit Jessica but do no damage.
Jessica is almost dead.
Jessica hits you with a +2 dagger of protection.
* * * LOW HITPOINT WARNING * * *
You hit Jessica but do no damage.
Jessica is almost dead.
Jessica barely misses you.
You barely miss Jessica.
Jessica is almost dead.
Jessica hits you with a +2 dagger of protection!
You die...

...........####..# .#
##.## #
##.######........##.# #.#
# #.######....# #.# # #.#
#..######.# # #.#
#.........# # #.#
##.####### # ..# #####.#
#.###...#.############
#.##....@@..........<####
#.......†.##########.....
#..#....†.# ###### #.
##...#.# # .........
..######.# ... .# .. .#
.#


You could see Jessica.

Vanquished Creatures
  2 dart slugs
  2 ball pythons
  2 endoplasms (D:1)
  3 giant cockroaches (D:1)
  5 goblins (D:1)
  4 jackals (D:2)
  A quokka (D:1)
  3 bats
  2 frilled lizards
  2 kobolds
  A rat (D:1)
27 creatures vanquished.

Notes
Turn   | Place    | Note
-------+----------+-------------------------------------------
     0 | D:1      | YayAnonymity the Hill Orc Monk began the quest for the Orb.
     0 | D:1      | Reached XP level 1. HP: 19/19 MP: 1/1
    52 | D:1      | Found Axomeof's Book Boutique.
   328 | D:1      | Reached XP level 2. HP: 26/26 MP: 2/2
   645 | D:1      | Reached skill level 5 in Axes
  1065 | D:1      | Found a faded altar of an unknown god.
  1327 | D:2      | Reached XP level 3. HP: 31/31 MP: 3/3
  1449 | D:2      | Noticed Jessica
  1473 | D:2      | Slain by Jessica

Illustrated notes

Levels and vault maps discovered:
D:1:      scummos_arrival_star, layout_loops_ring, serial_co_window_serial,
          co_window_paths_b, co_window_paths_b, co_window_cross_1,
          co_window_paths_b, co_window_corner_a, co_window_paths_c,
          co_window_cross_3, co_window_2corner, serial_shops,
          nicolae_shop_stone, hellmonk_ecumenical_altar_prayer_group
D:2:      layout_loops_ring, grunt_decor_cap, uniq_sigmund, uniq_jessica

Skill      XL: |  1  2 |
---------------+-------+-----
Axes           | 5 |  5.8
Fighting       | |  3.6
Dodging        | |  2.4
Stealth        | |  1.5

Action                   || total
-------------------------++-------
Melee: Hand axe          ||    84
       Punch             ||     1
 Stab: Sleeping          ||     2
Armor: Robe              ||     4
       Ring mail         ||    19
Dodge: Dodged            ||    41

Table legend: (Time is in decaauts)
 A = Elapsed time spent in this place.
 B = Non-inter-level travel time spent in this place.
 C = Inter-level travel time spent in this place.
 D = Time resting spent in this place.
 E = Time spent auto-exploring this place.
 F = Levels seen in this place.
 G = Mean time per level.
                   A        B        C        D        E       F      G
               +--------+--------+--------+--------+--------+-----+--------+
         Total |   1476 |   1424 |     52 |      0 |   1185 |   2 |  738.0 |
       Dungeon |   1476 |   1424 |     52 |      0 |   1185 |   2 |  738.0 |
               +--------+--------+--------+--------+--------+-----+--------+

Top non-repeatable levels by time:
     D:1: 1309 daAuts
     D:2: 167 daAuts
